 Dungeon Crawl Stone Soup version 0.18.1-6-gd335043 (webtiles) character file.

3162 inmateoo the Chopper (level 9, -9/72 HPs)
             Began as a Vine Stalker Assassin on May 16, 2016.
             Was a Priest of Okawaru.
             Mangled by a queen bee (10 damage)
             ... on level 8 of the Dungeon.
             The game lasted 00:14:13 (6546 turns).

inmateoo the Chopper (Vine Stalker Assassin)        Turns: 6546, Time: 00:14:13

Health: -9/72      AC: 24    Str: 16    XL:     9   Next: 94%
Magic:  0/10       EV:  2    Int: 17    God:    Okawaru [***...]
Gold:   385        SH:  0    Dex: 15    Spells: 0 memorised, 8 levels left

rFire  . . .     SeeInvis .     c - +1 hand axe "Qoof" {chop, rPois rN++ Int+4}
rCold  . . .     Gourm    .     (armour currently unavailable)
rNeg   + + +     Faith    .     (no shield)
rPois  +         Spirit   +     (helmet currently unavailable)
rElec  .         Dismiss  .     (cloak currently unavailable)
rCorr  .         Reflect  .     (gloves currently unavailable)
SustAt .         Harm     +     (boots currently unavailable)
MR     +....     NoTele   +     i - amulet of harm
Stlth  +++++.....               (no ring)
                                (no ring)

@: lethally poisoned (-9 -> -10), tree-form, somewhat resistant to hostile
enchantments, quite stealthy
A: (fangs 0), blurry vision 1, clever 1, clumsy 1, regeneration 2, (electricity
resistance), magic shield, (antimagic bite), no device heal 3, rot immunity,
subdued magic 2
a: Heroism, Renounce Religion


You were on level 8 of the Dungeon.
You worshipped Okawaru.
Okawaru was most pleased with you.
You were hungry.
You were a tree.
You visited 1 branch of the dungeon, and saw 8 of its levels.

You collected 385 gold pieces.

Inventory:

Hand Weapons
 a - a +2 dagger
 b - a +0 blowgun
 c - the +1 hand axe "Qoof" (weapon) {chop, rPois rN++ Int+4}
   (You found it on level 5 of the Dungeon)

   It inflicts extra damage upon your enemies.
   It affects your intelligence (+4).
   It protects you from poison.
   It greatly protects you from negative energy.
 p - a +0 broad axe
Missiles
 e - 42 poisoned needles
 f - 4 curare-tipped needles
 h - 3 needles of sleeping
 r - 5 steel tomahawks
 u - 26 tomahawks (quivered)
 y - 5 tomahawks of returning
Armour
 d - a +0 cloak (melded)
 s - a +0 pair of gloves (melded)
 E - the +2 ring mail of Midsummer (melded) {rN+ Str+3}
   (You found it on level 5 of the Dungeon)

   It affects your strength (+3).
   It protects you from negative energy.
Jewellery
 i - an amulet of harm (around neck)
 w - an uncursed ring of ice
 x - an uncursed ring of fire
 z - a +5 ring of protection {unknown}
Wands
 B - a wand of acid (4/15)
 C - a wand of iceblast (7/15)
 I - a wand of paralysis (9/24)
Scrolls
 o - 3 scrolls of teleportation
 t - 4 scrolls of fear
 v - 3 scrolls of remove curse
 D - 2 scrolls of amnesia
 F - 2 scrolls of identify
Potions
 j - a potion of haste
 m - 6 potions of curing
 q - a potion of flight {unknown}
 A - a potion of agility
 G - a potion of resistance {unknown}
 K - a potion of cancellation {unknown}
 L - a potion of brilliance {unknown}
Books
 H - a book of Geomancy

   Spells                             Type                      Level
   a - Sandblast                      Earth                        1
   b - Passwall                       Transmutation/Earth          2
   c - Stone Arrow                    Conjuration/Earth            3
   d - Petrify                        Transmutation/Earth          4
   e - Lee's Rapid Deconstruction     Earth                        5
Comestibles
 g - 6 bread rations
 l - 2 meat rations
 n - 2 beef jerkies
 J - 6 chunks of flesh


   Skills:
 + Level 5.7 Fighting
 - Level 3.7 Short Blades
 * Level 6.3 Axes
 + Level 5.6 Throwing
 + Level 5.1 Dodging
 - Level 6.2 Stealth


You had 8 spell levels left.
You didn't know any spells.

Dungeon Overview and Level Annotations

Branches:
Dungeon (8/15)             Temple (0/1) D:4
   Lair: D:8-11

Altars:
Dithmenos
Elyvilon
Kikubaaqudgha
Makhleb
Nemelex Xobeh
Okawaru
Qazlal
Sif Muna
Xom
Yredelemnul


Innate Abilities, Weirdness & Mutations

((You have razor-sharp teeth.))
You heal very quickly.
When hurt, damage is shared between your health and your magic reserves.
((Your bite disrupts and absorbs the magic of your enemies.))
Potions and wands cannot restore your health.
You are immune to rotting.
Scrolls take you a little longer to read.
Your mind is acute. (Int +2)
You are clumsy. (Dex -2)
((You are resistant to electric shocks.))
Your spells are easier to cast, but less powerful.


Message History

The queen bee is almost dead.
The queen bee stings you but does no damage.
You hit the queen bee but do no damage.
The queen bee is almost dead.
The queen bee stings you!
* * * LOW HITPOINT WARNING * * *
You hit the queen bee but do no damage.
The queen bee is almost dead.
The queen bee stings you but does no damage.
You barely miss the queen bee.
The queen bee is almost dead.
The queen bee stings you!
* * * LOW HITPOINT WARNING * * *
You are lethally poisoned!
The queen bee poisons you!
You hit the queen bee but do no damage.
The queen bee is almost dead.
* * * LOW HITPOINT WARNING * * *
You feel sick. The queen bee stings you!
You die...

##### ....# ##.#.#
##.)..# #######
#.....# #.....#
#.y..######.....#
#♣#............###
#.########........ #.#
#.....### ##'##
###.#### ##...##
#....# ##.....##
##.##.# ##.......##
##..##.#
#.........####...##.##
+.........'...........


You could see a queen bee.

Vanquished Creatures
  A two-headed ogre (D:8)
  Eustachio (D:6)
  Edmund (D:6)
  Menkaure (D:4)
  An orc warrior (D:7)
  2 ice beasts
  A black bear (D:8)
  2 sky beasts
  2 ogres
  A necrophage (D:6)
  A centaur (D:8)
  The ghost of Zleub the Cutter, an amateur HEFi (D:3)
  A gnoll sergeant (D:6)
  2 giant frogs (D:7)
  A scorpion (D:6)
  6 killer bees (D:8)
  2 howler monkeys
  3 crimson imps
  3 hounds
  A jelly (D:8)
  4 orc wizards
  2 orc priests (D:7)
  A gnoll shaman (D:5)
  3 iguanas
  Ijyb (D:3)
  5 worker ants
  A killer bee zombie (D:6)
  A hound zombie (D:5)
  13 gnolls
  10 adders
  An ooze (D:1)
  An adder zombie (D:7)
  A worm (D:3)
  A dart slug (D:4)
  A giant gecko (D:6)
  28 orcs
  2 ball pythons
  3 bats
  2 giant cockroaches
  2 gnoll zombies (D:4)
  15 goblins
  2 hobgoblins
  6 jackals (D:3)
  4 kobolds
  6 quokkas
  A giant gecko zombie (D:5)
  3 giant newts
  A jackal zombie (D:6)
  7 rats
162 creatures vanquished.

Vanquished Creatures (others)
  Blork the orc (D:5)
  2 orc wizards (D:4)
  A worker ant (D:4)
  A worm (D:4)
  A giant gecko (D:4)
6 creatures vanquished.

Grand Total: 168 creatures vanquished

Notes
Turn   | Place    | Note
--------------------------------------------------------------
     0 | D:1      | inmateoo the Vine Stalker Assassin began the quest for the Orb.
     0 | D:1      | Reached XP level 1. HP: 11/11 MP: 2/2
    50 | D:1      | Reached skill level 1 in Dodging
   209 | D:1      | Reached XP level 2. HP: 15/15 MP: 3/3
   874 | D:2      | Found a sparkling altar of Nemelex Xobeh.
   942 | D:2      | Reached XP level 3. HP: 11/18 MP: 2/4
  1398 | D:2      | Reached skill level 5 in Stealth
  1468 | D:3      | Noticed Zleub's ghost (amateur HEFi)
  1568 | D:3      | Reached XP level 4. HP: 20/23 MP: 2/5
  1767 | D:4      | Noticed Menkaure
  1780 | D:3      | Found an iron altar of Okawaru.
  1794 | D:3      | Reached XP level 5. HP: 24/27 MP: 4/6
  1801 | D:3      | Became a worshipper of Warmaster Okawaru
  2106 | D:3      | Killed Zleub's ghost
  2106 | D:3      | Gained mutation: You heal very quickly. [Vine Stalker growth]
  2106 | D:3      | Reached XP level 6. HP: 32/32 MP: 7/7
  2535 | D:3      | Reached * piety under Okawaru
  2547 | D:3      | Noticed Ijyb
  2582 | D:3      | Killed Ijyb
  2876 | D:4      | Found a shimmering altar of Xom.
  3057 | D:4      | Found a basalt altar of Yredelemnul.
  3182 | D:4      | Found a sparkling altar of Nemelex Xobeh.
  3299 | D:4      | Reached XP level 7. HP: 28/36 MP: 8/8
  3304 | D:4      | Found a staircase to the Ecumenical Temple.
  3513 | D:4      | Killed Menkaure
  3513 | D:4      | Reached skill level 1 in Axes
  3697 | D:5      | Entered Level 5 of the Dungeon
  3754 | D:5      | Got a shimmering ring mail
  3765 | D:5      | Identified the +2 ring mail of Midsummer {rN+ Str+3} (You found it on level 5 of the Dungeon)
  3840 | D:5      | Got a twisted hand axe
  3841 | D:5      | Identified the +1 hand axe "Qoof" {chop, rPois rN++ Int+4} (You found it on level 5 of the Dungeon)
  3907 | D:5      | Noticed Blork the orc
  3914 | D:5      | Killed Blork the orc
  3923 | D:5      | Found a deep blue altar of Sif Muna.
  4159 | D:5      | Found a burning altar of Makhleb.
  4508 | D:6      | Gained mutation: You have razor-sharp teeth. [Vine Stalker growth]
  4508 | D:6      | Reached XP level 8. HP: 26/42 MP: 9/9
  4739 | D:6      | Noticed Eustachio
  4740 | D:6      | Reached ** piety under Okawaru
  4767 | D:6      | Killed Eustachio
  5086 | D:6      | Noticed Edmund
  5148 | D:6      | Killed Edmund
  5220 | D:6      | Found an ancient bone altar of Kikubaaqudgha.
  5221 | D:6      | Found a stormy altar of Qazlal.
  5449 | D:7      | Reached XP level 9. HP: 36/46 MP: 10/10
  5453 | D:7      | Gained mutation: Scrolls take you a little longer to read. [mutagenic meat]
  5454 | D:7      | Gained mutation: Your mind is acute. (Int +2) [mutagenic meat]
  5455 | D:7      | Gained mutation: Your spells are a little easier to cast, but a little less powerful. [mutagenic meat]
  5456 | D:7      | Gained mutation: You are resistant to electric shocks. [mutagenic meat]
  5458 | D:7      | Gained mutation: Your spells are easier to cast, but less powerful. [mutagenic meat]
  5648 | D:7      | Reached skill level 5 in Fighting
  5803 | D:7      | Reached skill level 5 in Axes
  5879 | D:7      | Reached *** piety under Okawaru
  5879 | D:7      | Reached skill level 5 in Throwing
  6059 | D:8      | Noticed a two-headed ogre
  6075 | D:8      | Killed a two-headed ogre
  6116 | D:8      | Found a shadowy altar of Dithmenos.
  6309 | D:8      | Found a white marble altar of Elyvilon.
  6313 | D:8      | Gained mutation: You are clumsy. (Dex -2) [mutagenic meat]
  6413 | D:8      | Reached skill level 5 in Dodging
  6507 | D:8      | Noticed a queen bee
  6545 | D:8      | HP: 2/72 [queen bee (11)]
  6546 | D:8      | Mangled by a queen bee

Skill      XL: |  1  2  3  4  5  6  7  8  9 |
---------------+----------------------------+-----
Dodging        | 1 2 3 4 5 |  5.1
Fighting       | 2 3 4 5 |  5.7
Short Blades   | 2 3 |  3.7
Stealth        | 5 6 |  6.2
Throwing       | 2 3 4 5 |  5.6
Axes           | 2 4 6 |  6.3

Action                   |  1- 3 |  4- 6 |  7- 9 || total
-------------------------+-------+-------+-------++-------
Melee: Dagger            |    41 |   172 |    19 ||   232
       Bite              |    23 |    56 |   108 ||   187
       Whip              |    42 |       |       ||    42
       Broad axe         |       |    14 |       ||    14
       Hand axe          |       |       |   324 ||   324
 Fire: Blowgun           |     6 |    17 |    15 ||    38
Throw: Tomahawk          |       |    15 |    29 ||    44
Evoke: Wand              |       |       |     3 ||     3
  Use: Scroll            |     5 |     3 |     9 ||    17
       Potion            |       |     1 |     1 ||     2
 Stab: Sleeping          |     4 |     3 |     6 ||    13
       Distracted        |       |     1 |     1 ||     2
  Eat: Beef jerky        |     1 |       |       ||     1
       Chunk             |       |     6 |    21 ||    27
Armor: Robe              |     4 |       |       ||     4
       Ring mail         |    27 |    56 |   116 ||   199
       Skin              |       |       |    17 ||    17
Dodge: Dodged            |    55 |    83 |   220 ||   358
